[Event "Israeli Team-ch 2023"]
[Site "Petah Tikva"]
[Date "2023.01.20"]
[Round "3.14"]
[White "Khmelniker, Ilya"]
[Black "Shohat, Yotam"]
[Result "1-0"]
[ECO "E76"]
[WhiteElo "2476"]
[BlackElo "2284"]
[Annotator "TA"]
[PlyCount "95"]
[EventDate "2023.01.13"]
[EventCountry "ISR"]
[SourceTitle "playchess.com"]
[Source "ChessBase"]
[SourceQuality "1"]
[TimeControl "40/5400+30:1800+30"]

1. d4 Nf6 2. c4 g6 3. Nc3 Bg7 4. e4 O-O 5. f4 d6 6. Nf3 c5 7. dxc5 Qa5 8. Bd3 Qxc5 9. Qe2 Bg4 10. Be3 Qa5 11. O-O Nc6 12. Rac1 Rac8 {[%emt 0:05:30] E76: King's Indian: Four Pawns Attack: Lines specific to 6 Nf3 move-order.} 13. h3 Bxf3 14. Qxf3 (14. gxf3 Nh5 15. Kh2 e6 $15) 14... Nd7 {[%emt 0:00:40] White is slightly better.} 15. Qf2 Nb4 16. Be2 ({White should play} 16. Bb1 $14) 16... Nc5 $11 17. Bxc5 Qxc5 18. Qxc5 {[%emt 0:00:00] [#]} Rxc5 $146 ({Predecessor:} 18... dxc5 19. e5 Nc6 20. Bf3 Nd4 21. Bxb7 Rb8 22. Bf3 Rxb2 23. Rf2 Rfb8 24. Bd1 f6 25. exf6 Bxf6 {½-½ Pazdziora,M (2205)-Kielar,M (1976) Rewal op-A 12th 2007 (1)}) 19. a3 Na6 20. b4 Rcc8 21. Nd5 Rfe8 {[%emt 0:00:46] [#] Black is weak on the light squares} 22. c5 $1 e6 23. Bb5 $1 exd5 24. Bxe8 Rxe8 25. cxd6 Bd4+ $1 26. Kh1 (26. Kh2 $14 dxe4 27. d7) 26... Kf8 27. e5 $36 {[%emt 0:00:00][%mdl 2048] White fights for an advantage.} Be3 (27... Bb2 $11 {remains equal.}) 28. Rc3 {[%emt 0:00:00][%mdl 1024] White has strong compensation.} d4 29. Rc4 (29. Rc2 $16) 29... Rd8 $14 30. g3 {[%emt 0:04:45] aiming for f5.} b5 $2 (30... b6 $11 {and Black is okay.}) 31. Rc6 $1 $18 Nb8 32. Rc7 Nd7 33. Kg2 Nb6 (33... a6 $142 34. Ra7 d3 35. Rxa6 Nb6) 34. Kf3 $2 (34. Rxa7 d3 $16) (34. f5 $1 $18 {[%cal Rf5g6] and the rest is easy. Threatens to win with fxg6.} Rd7 35. Rxd7 Nxd7 36. e6) 34... Nc4 $16 {[%emt 0:00:17] And now ...Nd2+ would win.} 35. Ke2 (35. Rxa7 Nd2+ 36. Kg2 Nxf1 37. Kxf1 d3 $17) (35. Ra1 $5 ) 35... g5 (35... Nd2 $1 $14) 36. Kd3 {[%emt 0:05:23] White is more active.} (36. Rxa7 $2 d3+ 37. Kxd3 Bxa7 $19) (36. fxg5 $142 Nxe5 37. Rf5 (37. Rxa7 Bxg5 38. h4 Bh6 $17) 37... d3+ 38. Kxe3 Rxd6 39. Rf6 (39. Rxe5 d2 $14) (39. Rc8+ Kg7 $14)) 36... gxf4 37. gxf4 (37. Rxa7 $2 Nxe5+ 38. Ke4 Nc4 $19) 37... Nd2 (37... a6 $14) 38. Rd1 $18 Nc4 {[%emt 0:00:30] Strongly threatening ...Nb2+.} 39. Ke4 (39. Rxa7 $2 {loses.} Nb2+ 40. Ke2 Nxd1 41. Kxd1 d3 $19) 39... Re8 40. Kf5 ({Stronger than} 40. Rxa7 Nxd6+ 41. Kf3 Nc4 $15) ({Better is} 40. Rxd4 $1 $18 Bxd4 41. Kxd4) 40... Nb2 (40... h6 $16 41. h4 (41. Rxa7 d3 $11) 41... Nb2) 41. d7 $1 Rd8 {[%emt 0:01:29] [#] Against Rc8} 42. Kf6 $1 {[%emt 0:00:58][%cal Oc7c8] White wants to mate with Rc8!} Bf2 {[%emt 0:05:19] [#]} (42... Bxf4 43. Rxd4) 43. Rg1 $3 {[%emt 0:01:15][%mdl 576] Back Rank, Promotion. White mates.} d3 44. Rc8 Bb6 45. Rg7 d2 46. Rxf7+ Kg8 47. Re7 h5 48. Kg6 {[%emt 0:00:14] Magnificent play by Khmelniker!   Weighted Error Value: White=0.21 (precise) /Black=0.36} 1-0

[Event "Israeli Team-ch 2023"]
[Site "Petah Tikva"]
[Date "2023.01.20"]
[Round "3.15"]
[White "Liubarov, Mark"]
[Black "Sokolovsky, Yahli"]
[Result "1/2-1/2"]
[ECO "E04"]
[WhiteElo "2291"]
[BlackElo "2431"]
[Annotator "TA"]
[PlyCount "84"]
[EventDate "2023.01.13"]
[EventCountry "ISR"]
[SourceTitle "playchess.com"]
[Source "ChessBase"]
[SourceQuality "1"]
[TimeControl "40/5400+30:1800+30"]

1. d4 d5 2. c4 c6 3. Nf3 Nf6 4. Nc3 e6 5. g3 dxc4 6. Bg2 b5 7. O-O Bb7 8. Ne5 a6 {[%emt 0:00:26] E04: Open Catalan: 5 Nf3.} 9. a4 (9. b3 $5 ) 9... Be7 10. axb5 axb5 11. Rxa8 Bxa8 12. Nxb5 cxb5 13. Bxa8 O-O 14. Bg2 Qc7 15. Bf4 Bd6 {[%emt 0:08:43] [#]} 16. Qc2 $146 (16. e4 $11) ({Predecessor:} 16. e4 Rd8 17. Qe2 Nfd7 18. Nxd7 Qxd7 19. e5 Bf8 20. Rd1 Nc6 21. d5 exd5 22. Rxd5 {½-½ Can,E (2569)-Anton Guijarro,D (2673) FIDE World Cup Europe Swiss playoff rapid 2021 (8)}) 16... Nd5 $15 17. e3 Na6 18. Be4 Nf6 19. Bf3 Nb4 20. Qd2 Nfd5 21. h4 Ra8 22. Qc1 Rc8 23. h5 f6 24. Ng4 Nd3 {[%emt 0:00:33] A dynamic duo of knights.} 25. Qd2 f5 (25... h6 $17) 26. Ne5 Bxe5 (26... Nxe5 $2 27. Bxd5 exd5 28. dxe5 $18 (28. Bxe5 Bxe5 29. dxe5 Qxe5 $11)) 27. Bxe5 Nxe5 (27... Qd7 {is interesting.} 28. h6 gxh6 29. Ra1 Nb6) 28. dxe5 Qxe5 29. Rd1 b4 (29... Nf6 $5 ) 30. Bxd5 {[%emt 0:00:38] The position is equal.} Qxd5 31. Qxd5 exd5 32. Rxd5 $11 {[%emt 0:00:12][%mdl 4096] Endgame KR-KR} c3 (32... Kf7 $5 ) 33. bxc3 bxc3 34. Rd1 $1 Kf7 (34... c2 $5 35. Rc1 $8 Kf7 $11) 35. Kf1 Kf6 {[%emt 0:00:29] [#] Threatens to win with ...Kg5.} (35... c2 $5 36. Rc1 $8 Kf6 $11) 36. Ke2 Kg5 37. f3 Kxh5 {[%emt 0:01:10] Hoping for ...g5.} 38. Rc1 g5 {[%emt 0:00:44] aiming for ...Kg6.} 39. Kd3 Kg6 {[%emt 0:02:26] [#] ...h5 would be deadly.} 40. Rxc3 Rxc3+ 41. Kxc3 h5 {[%emt 0:19:48][%cal Of5f4] ( -> ...f4!)} 42. Kd3 Kf6 {[%emt 0:01:32] Weighted Error Value: White=0.08 (flawless) /Black=0.10 (very precise)} 1/2-1/2

[Event "Israeli Team-ch 2023"]
[Site "Petah Tikva"]
[Date "2023.01.20"]
[Round "3.16"]
[White "Dvoirys, Semen I."]
[Black "Levitan, Tal"]
[Result "1-0"]
[ECO "C82"]
[WhiteElo "2465"]
[BlackElo "2286"]
[Annotator "TA"]
[PlyCount "111"]
[EventDate "2023.01.13"]
[EventCountry "ISR"]
[SourceTitle "playchess.com"]
[Source "ChessBase"]
[SourceQuality "1"]
[TimeControl "40/5400+30:1800+30"]

1. e4 {[%emt 0:00:30] ChessBase II} e5 2. Nf3 Nc6 3. Bb5 a6 4. Ba4 Nf6 5. O-O Nxe4 6. d4 b5 7. Bb3 d5 8. dxe5 Be6 9. c3 Bc5 10. Qd3 O-O 11. Be3 (11. Nbd2 $5 ) 11... f6 {[%emt 0:25:18] C82: Open Ruy Lopez: 9 c3 without 9...Be7.} 12. Nbd2 f5 {[%emt 0:08:54] [#]} (12... fxe5 $2 13. Nxe4 Bxe3 14. Qxe3 $18) (12... Nxd2 $1 $11 13. Qxd2 Bxe3 14. Qxe3 Nxe5) 13. Ng5 $146 ({Predecessor:} 13. Bxc5 Nxc5 14. Qe3 Qe7 15. Nd4 Nxd4 16. cxd4 Nb7 17. Rac1 Rfc8 18. Nf3 h6 19. Bc2 {1-0 Valujevs,G-Leander,K ICCF-Cup6/7 sf11 corr 1990}) 13... Nxg5 (13... Nxe5 $11 14. Qe2 Re8) 14. Bxc5 $14 Re8 (14... Nxe5 15. Qe2 Nd7 16. Bxf8 Qxf8 17. Rfe1 $16) 15. Bd4 f4 16. a4 (16. h4 $1 $14 Nf7 17. Nf3) 16... Rf8 ({Better is} 16... Ne7 $11) 17. f3 (17. axb5 $14 f3 18. g3 (18. bxc6 $2 Nh3+ 19. Kh1 fxg2+ 20. Kxg2 Nf4+ 21. Kh1 Nxd3 $19) 18... Nxd4 19. Qxd4 (19. cxd4 Bh3 $11) 19... Nh3+ 20. Kh1 axb5 21. Rxa8 Qxa8 22. Qe3) 17... Bf5 $11 18. Qe2 Ne6 19. Bf2 b4 20. Rad1 bxc3 21. bxc3 Ne7 {[%emt 0:00:23] [#]} (21... Rb8 $14) 22. Ne4 $1 $16 c6 (22... Rb8 23. Ba2) 23. Nd6 (23. c4 $1 $16) 23... Rb8 $14 {[%emt 0:00:07] [#]} 24. Bc4 {[%emt 0:06:26] White is much more active.} Qa5 $1 $11 25. Bxa6 Rb3 (25... Qxc3 $11 26. Rc1 Qa5) 26. Nxf5 Nxf5 27. Bd3 Rxc3 28. Qd2 (28. Qe1 $14 Ne3 29. Rc1) 28... Ne3 29. Bxe3 fxe3 30. Qxe3 Nf4 31. g3 Nxd3 32. Rxd3 Rxd3 33. Qxd3 Qxa4 {[%emt 0:00:10][%mdl 4096] Endgame KQR-KQR} 34. f4 Rb8 35. e6 Rb2 36. Qf5 {[%emt 0:02:24] Threatening mate with Qf7+.} Qd4+ 37. Kh1 {[%emt 0:00:07] Qf7+ would kill now.} Qf6 {[%emt 0:00:58] Repels Qf7+} 38. Qxf6 gxf6 {[%emt 0:00:01] KR-KR} 39. Rc1 Rb6 40. f5 {[%emt 0:00:34] g4 would be deadly.} Kf8 $2 {[%emt 0:00:04] White leaves nothing to chance now.} (40... h5 $1 $14) 41. Kg2 $2 (41. g4 $1 $18) 41... Ke7 $2 (41... h5 $1 $14) 42. g4 $1 $18 h6 $2 (42... Rb4 {might work better.}) 43. Kg3 Kd6 44. Kh4 {[%emt 0:00:21] aiming for Kh5.} Rb8 (44... c5 $142 45. Kh5 Rb7) 45. Kh5 Rg8 46. h3 ({Inferior is} 46. Kxh6 Rxg4 47. h3 Rg3 $11) 46... c5 47. Kxh6 {[%emt 0:00:05] And now Kh7 would win.} c4 48. Kh7 Rc8 49. Re1 {[%emt 0:06:22][%cal Og4g5] White threatens g5! and mate.} c3 {[%emt 0:01:25] [#]} 50. g5 $1 {[%emt 0:00:07][%cal Bg4g5,Bg5f6,Bf6f7][%mdl 544] White mates.} c2 (50... fxg5 51. f6) 51. e7 (51. gxf6 c1=Q 52. Rxc1 Rxc1 $19) 51... Kd7 52. gxf6 c1=Q 53. e8=Q+ (53. Rxc1 Rxc1 54. Kg7 Rc8 55. h4 d4 56. e8=R Kxe8 57. f7+ Ke7 58. f6+ Ke6 59. f8=Q Rxf8 60. Kxf8 Kxf6 61. h5 d3 62. h6 Kg6 63. Ke8 Kxh6 64. Ke7 d2 65. Kd8 d1=Q+ 66. Kc8 Kg5 67. Kb7 Qd5+ 68. Kc8 Kf5 69. Kc7 Ke5 70. Kc8 Kd6 71. Kb8 Qb3+ 72. Ka8 Kc7 73. Ka7 Qb7#) 53... Rxe8 54. Rxc1 Re3 55. f7 Ke7 {[%emt 0:02:01] [#]} 56. Rc7+ $1 {[%emt 0:00:11] Weighted Error Value: White=0.22 (precise) /Black=0.44} 1-0

[Event "Israeli Team-ch 2023"]
[Site "Petah Tikva"]
[Date "2023.01.20"]
[Round "3.17"]
[White "Gov, Guy"]
[Black "Klenburg, Michael"]
[Result "1/2-1/2"]
[ECO "C02"]
[WhiteElo "2103"]
[BlackElo "2347"]
[Annotator "TA"]
[PlyCount "76"]
[EventDate "2023.01.13"]
[EventCountry "ISR"]
[SourceTitle "playchess.com"]
[Source "ChessBase"]
[SourceQuality "1"]
[TimeControl "40/5400+30:1800+30"]

1. e4 e6 2. d4 d5 3. e5 c5 4. c3 Qb6 5. a3 Nc6 6. Nf3 c4 7. Be2 Bd7 8. Nbd2 Na5 9. Rb1 Rc8 {[%emt 0:03:46] C02: French: Advance Variation.} 10. O-O Ne7 11. Ne1 Nb3 {[%emt 0:03:37] [#] The position is equal.} 12. Nc2 $146 ({Predecessor:} 12. Nxb3 Ba4 13. Qd2 Bxb3 14. Nc2 Nc6 15. Ne3 Na5 16. Qe1 h5 17. f4 g6 18. Bd1 Bxd1 19. Qxd1 {½-½ Vaval,A (1367)-Kohad,D (1569) Mumbai Wealth rating op 4th 2018 (5)}) 12... Nxd2 13. Qxd2 Nc6 14. Bd1 Na5 15. Ne3 Bxa3 16. b4 Bxc1 17. Qxc1 {[%emt 0:00:05] [#]} Nb3 18. Qb2 (18. Bxb3 cxb3) 18... O-O 19. f4 a5 20. bxa5 Qxa5 21. Rf3 Ra8 $1 22. Qc2 Qa2 23. Rb2 Qa1 (23... Qa7 $5 ) 24. Rh3 h6 25. g4 $2 {[%emt 0:05:01] [#]} (25. Rb1 $11 {and White stays safe.} Qa2 26. Qxa2 Rxa2 27. Bxb3 cxb3 28. Rxb3) 25... Qc1 (25... Ba4 $1 $19 {[%cal Ob3d4] and Black stays clearly on top. ...Nxd4! is the strong threat.} 26. Qb1 (26. Ra2 $2 Nxd4 {[%mdl 64] Pin} 27. Qd2 Ne2+ 28. Kh1 Qxc3 $19) 26... Qxb1 27. Rxb1 Nd2) 26. Qf2 $2 (26. g5 $17 {keeps fighting.}) 26... Qxc3 $19 27. g5 Qxd4 $2 ({Not} 27... Nxd4 28. gxh6 g6 29. Qh4 $11) (27... Ra1 $19 28. Kg2 Nc1 29. Nxd5 (29. gxh6 Nd3 $11) 29... Qxh3+ 30. Kxh3 exd5+ 31. Bg4 Nd3) 28. gxh6 $11 g6 29. h7+ $2 (29. Qh4 $1 $11 f6 30. Rb1) 29... Kh8 $19 30. Qh4 $2 (30. Bxb3 {only move.} cxb3 31. Nf1 Qxf2+ 32. Kxf2) 30... f6 (30... Qxb2 $2 31. Qf6#) (30... g5 {gets mated.} 31. Qxg5 f6 32. Qg8+ Rxg8+ 33. hxg8=Q+ Kxg8 34. Rg2+ Kf7 35. Rh7+ Kf8 36. Rh8+ Kf7 37. Bh5+ Ke7 38. Rg7#) 31. Rg2 Ra1 (31... fxe5 {is a self mate.} 32. Rxg6 Qd3 33. Rg8+ Rxg8+ 34. hxg8=Q+ Kxg8 35. Qf6) 32. Kh1 Rxd1+ 33. Nxd1 {[%emt 0:00:00] White is weak on the light squares} Qxd1+ 34. Rg1 Qc2 {[%emt 0:01:48] aiming for ...d4.} 35. Qh6 Qe4+ 36. Rg2 Qb1+ 37. Rg1 {[%emt 0:00:06][%cal Rh6f8] Dancing on a razor blade.} Qe4+ 38. Rg2 Qe1+ $2 {[%emt 0:01:09] Weighted Error Value: White=1.11/Black=0.31} (38... Ra8 {mates} 39. Qf8+ Rxf8 40. Re3 Qxe3 41. h4 Ra8 42. exf6 Qe1+ 43. Rg1 Qxh4+ 44. Kg2 Ra2+ 45. Kf3 Rf2+ 46. Ke3 Qxf4#) 1/2-1/2

[Event "Israeli Team-ch 2023"]
[Site "Petah Tikva"]
[Date "2023.01.20"]
[Round "3.18"]
[White "Taichman, Ori"]
[Black "Linker, Mikhail"]
[Result "0-1"]
[ECO "B23"]
[WhiteElo "2317"]
[BlackElo "2297"]
[Annotator "TA"]
[PlyCount "138"]
[EventDate "2023.01.13"]
[EventCountry "ISR"]
[SourceTitle "playchess.com"]
[Source "ChessBase"]
[SourceQuality "1"]
[TimeControl "40/5400+30:1800+30"]

1. e4 c5 2. Nc3 Nc6 3. Bb5 Nd4 4. Nf3 a6 5. Bd3 g6 6. Nxd4 {[%emt 0:01:05] B23: Closed Sicilian: Lines without g3.} cxd4 7. Ne2 Bg7 8. c3 {[%emt 0:00:04] The position is equal.} dxc3 9. bxc3 d5 {[%emt 0:07:40] [#]} 10. Qb3 $146 ({Predecessor:} 10. O-O dxe4 11. Bxe4 Nf6 12. Bf3 O-O 13. d4 Ra7 14. a4 b6 15. Rb1 Bb7 16. Bxb7 Rxb7 {1-0 Pridorozhni,A (2564)-Maksimovic,B (2452) Titled Tuesday intern op 05th Oct blitz 2021 (5)}) 10... Nf6 11. exd5 (11. e5 $11 Ne4 12. Qa4+ Bd7 13. Qd4) 11... O-O $1 $15 12. Rb1 Nxd5 (12... Qxd5 $6 13. Qxd5 Nxd5 14. a4 $11) 13. Bc4 (13. Qc2 $142) 13... Be6 $17 14. a4 (14. O-O $17 {was necessary.}) 14... Rb8 $2 (14... Rc8 $19 {[%cal Ob7b5] and Black stays clearly on top. Threatens to win with ...b5!} 15. d3 b5 16. axb5 axb5 17. Bxd5 Bxd5 18. Qxb5 Bxg2) 15. O-O {[%emt 0:10:20] [#]} b5 $1 16. axb5 axb5 17. Bxd5 Bxd5 18. Qc2 {[%emt 0:03:46] White is weak on the light squares} e5 19. d4 (19. d3 $17) 19... Re8 $19 {[%emt 0:08:26] ...exd4 would be deadly.} 20. Qd2 Bc4 {[%emt 0:07:44] This pair of bishops is nice.} (20... Qe7 $19 {aiming for ...exd4.} 21. Ng3 exd4 22. cxd4 h5) 21. Rd1 Bxe2 22. Qxe2 exd4 23. Be3 Qb6 24. cxd4 {[%emt 0:00:18] [#]} Bxd4 $1 25. Bxd4 {[%emt 0:09:08] And now Qxe8+ would win.} (25. Rxd4 $2 Qxd4 26. Qe1 Qd5 $19) 25... Rxe2 26. Bxb6 Rxb6 $17 {[%emt 0:00:03][%mdl 4096] Endgame KRR-KRR} 27. Kf1 Rc2 28. Rb4 Re6 29. Rdb1 ({Much worse is} 29. Rxb5 Ree2 30. Rg5 Rxf2+ 31. Kg1 Kg7 $17) 29... Ree2 {[%emt 0:02:12] Black is more active.} 30. Rf4 Re5 31. g4 h5 32. h3 Kg7 33. Rb3 (33. Kg2 $17) 33... Rc4 $19 34. Rxc4 bxc4 {[%emt 0:00:03][%cal Bb5c4,Bc4c3,Bc3c2][%mdl 32] KR-KR} 35. Rb6 (35. Rb4) 35... hxg4 36. hxg4 Rc5 {[%emt 0:00:07] Strongly threatening ...c3.} 37. Ke2 {[%emt 0:00:15] [#]} c3 $1 38. Kd1 c2+ 39. Kc1 Rc4 40. Rd6 g5 ({And not} 40... Rxg4 41. Kxc2 Rf4 42. Rd2 $17) 41. Rd2 Kf6 {[%emt 0:02:31] White must now prevent ...Ke5.} ({Not} 41... Rxg4 42. Kxc2 Re4 43. Kd3 $17) 42. Re2 Rxg4 43. Kxc2 Rd4 44. Kc3 Rd7 45. Re3 Kf5 46. Rf3+ Ke5 {[%emt 0:01:27] ( -> ...f5)} 47. Kc2 f5 (47... g4 $142 48. Ra3 Kf4 49. Rc3 f5 50. Rb3 Rd4 51. Ra3 Ke5 52. Ra8 Rf4 53. Kd3 Rxf2 54. Ke3 g3 55. Ra5+ Kf6 56. Rb5 f4+ 57. Kd4 g2 58. Rb6+ Kf5 59. Rb5+ Kg4 60. Rb6 Rd2+ 61. Kc3 Re2 62. Rg6+ Kf5 63. Rg8 f3 64. Rf8+ Ke4 65. Re8+ Kf4 66. Rg8 Ke3 67. Rg6 Kf2 68. Rg7 g1=Q 69. Rxg1 Kxg1 70. Kd3 Kh2 71. Kc3 f2 72. Kb3 f1=Q 73. Kc4 Qd1 74. Kb5 Rc2 75. Ka6 Qb1 76. Ka7 Ra2#) 48. Kc3 g4 (48... f4 $142 49. Kc2 Ke4 50. Rc3 g4 51. Rb3 g3 52. fxg3 f3 53. Rb8 f2 54. Rf8 Ke3 55. Rf6 Rd4 56. Rf5 Ke2 57. Re5+ Kf3 58. Kc3 Rg4 59. Rf5+ Kg2 60. Kd2 f1=Q 61. Rxf1 Kxf1 62. Ke3 Kg2 63. Ke2 Rxg3 64. Ke1 Re3+ 65. Kd1 Kf3 66. Kc1 Re2 67. Kb1 Ke3 68. Ka1 Kd3 69. Kb1 Kc3 70. Ka1 Kb3 71. Kb1 Re1#) 49. Re3+ Kf4 (49... Kf6 $142 50. Rg3 Kg5) 50. Kc2 Kg5 51. Re5 Rd4 52. Kc1 Kf4 53. Re3 Re4 {[%emt 0:00:43] Black mates.} 54. Rd3 Re2 55. Rd4+ Kf3 56. Kd1 Rxf2 57. Ke1 Ra2 58. Rd3+ Ke4 59. Rg3 Kf4 60. Rb3 g3 61. Kf1 Kg4 62. Rb8 f4 63. Rb4 Kh3 64. Rb8 Ra1+ 65. Ke2 Kg2 66. Rb2 f3+ 67. Ke3+ f2 68. Kf4 Ra4+ 69. Ke3 Kg1 {[%emt 0:00:40] Weighted Error Value: White=0.90/Black=0.21 (precise)} 0-1

[Event "Israeli Team-ch 2023"]
[Site "Petah Tikva"]
[Date "2023.01.20"]
[Round "3.19"]
[White "Boruchovsky, Avital"]
[Black "Fridman, Daniel"]
[Result "0-1"]
[ECO "C11"]
[WhiteElo "2553"]
[BlackElo "2595"]
[Annotator "TA"]
[PlyCount "112"]
[EventDate "2023.01.13"]
[EventCountry "ISR"]
[SourceTitle "playchess.com"]
[Source "ChessBase"]
[SourceQuality "1"]
[TimeControl "40/5400+30:1800+30"]

1. e4 e6 2. d4 d5 3. Nc3 Nf6 4. e5 Nfd7 5. f4 c5 6. Nf3 Nc6 7. Be3 cxd4 8. Nxd4 Qb6 9. a3 Bc5 10. Na4 Qa5+ 11. c3 Bxd4 12. Bxd4 Nxd4 13. Qxd4 b6 14. Qb4 $1 {[%emt 0:00:38] C11: French: Classical System: 4 e5 and 4 Bg5 dxe4.} Qxb4 15. axb4 Bb7 16. Bb5 {[%emt 0:10:58] The position is equal.} Ke7 17. Kd2 Rhc8 18. b3 Bc6 19. Ba6 {[%emt 0:09:23] Black must now prevent b5.} Rc7 {[%emt 0:00:15] [#]} 20. Nb2 $146 ({Predecessor:} 20. Rhe1 Nb8 21. Bd3 Nd7 22. Nb2 a5 23. bxa5 bxa5 24. Ra3 Nc5 25. Bc2 Rb8 26. Rea1 {½-½ Salem,A (2567)-Hoang,T (2495) Jakarta Indonesia op 3rd 2013 (8)}) 20... b5 21. Nd3 Rb8 {[%emt 0:00:15] Black is weak on the dark squares} 22. Rhc1 Rb6 23. Ra5 Nb8 24. Rca1 Be8 25. Nc1 f6 26. Ne2 fxe5 27. fxe5 Nc6 28. Rxb5 {[%emt 0:00:10] Rc5 would be deadly.} Nxe5 29. Rba5 (29. Rxb6 {simplifies} axb6 30. Nd4 Ra7 31. Nxe6 Kxe6 32. Bc8+) 29... Nc6 $1 {[%emt 0:02:30] Repels Nd4} 30. Rc5 Kd6 $1 31. Bb5 a5 $1 32. Rc1 $2 {[%emt 0:08:03] Black converts the advantage convincingly.} (32. Bxc6 $11 {and White is okay.} axb4 33. Rxd5+ Kxc6 34. Rd3) 32... axb4 $19 33. cxb4 Rcb7 34. Ba4 Bd7 35. Nc3 $2 (35. Bxc6 Bxc6 36. Nd4) 35... Nd4 (35... Rxb4 $2 36. Bxc6 Bxc6 37. Rxc6+ Kxc6 38. Na2+ Kd6 39. Nxb4 Rxb4 40. Kc3 $19) (35... Nxb4 36. Bxd7 Rxd7 37. Nb5+ Ke7 38. Nd4 $17) 36. Bxd7 $2 (36. Ne2 Rxb4 37. Nxd4 Rxd4+ 38. Ke3 Re4+ 39. Kf3) 36... Kxd7 (36... Nxb3+ $142 37. Kc2 Rxb4) 37. Nxd5 exd5 (37... Nxb3+ 38. Kc2 exd5 39. Kxb3 Rxb4+ 40. Kc3 $17) 38. Rxd5+ Rd6 39. Rxd6+ Kxd6 {[%emt 0:00:09][%mdl 4096] Endgame KRN-KR} 40. Rc4 Nc6 ({Worse is} 40... Nxb3+ 41. Kc2 $11) 41. Kc3 Ne7 42. Rh4 Nd5+ 43. Kb2 h6 (43... Rxb4 $2 {loses.} 44. Rxh7 Rb7 45. Rh4 $17) 44. Ka3 Ra7+ 45. Kb2 Rf7 {[%emt 0:00:17] Threatens to win with ...Rf2+.} 46. Ka3 Rf4 47. Rxf4 {[%emt 0:00:30] [#]} (47. Rh3 $19) 47... Nxf4 {[%emt 0:00:06] KN-KP. Black mates.} 48. g3 Nd5 49. Ka4 Kc6 50. Ka5 h5 51. b5+ Kb7 52. b6 Ne3 (52... Nxb6 $2 {perishes.} 53. Kb5 $19) 53. Kb5 Nf1 {[%emt 0:00:00][%mdl 64] [#] Deflection} 54. h3 Nxg3 55. Kc5 Ne4+ 56. Kd5 Ng5 {[%emt 0:00:00] Weighted Error Value: White=0.40/Black=0.11 (very precise)} 0-1

[Event "Israeli Team-ch 2023"]
[Site "Petah Tikva"]
[Date "2023.01.20"]
[Round "3.20"]
[White "Gruenfeld, Yehuda"]
[Black "Erenberg, Ariel"]
[Result "0-1"]
[ECO "C92"]
[WhiteElo "2414"]
[BlackElo "2504"]
[Annotator "TA"]
[PlyCount "150"]
[EventDate "2023.01.13"]
[EventCountry "ISR"]
[SourceTitle "playchess.com"]
[Source "ChessBase"]
[SourceQuality "1"]
[TimeControl "40/5400+30:1800+30"]

1. e4 e5 2. Nf3 Nc6 3. Bb5 a6 4. Ba4 Nf6 5. O-O Be7 6. Re1 b5 7. Bb3 d6 8. c3 O-O 9. h3 Bb7 10. d4 Re8 11. Nbd2 Bf8 12. Bc2 g6 13. d5 Nb8 14. b3 c6 15. c4 Nbd7 16. Nf1 bxc4 {[%emt 0:00:15] C92: Closed Ruy Lopez: 9...Be6, Karpov and Flohr-Zaitsev Variations.} 17. bxc4 Nc5 18. Rb1 Qc7 {[%emt 0:02:27] [#] White is slightly better.} 19. Bg5 $146 ({Predecessor:} 19. Ba3 Nfd7 20. Ne3 Reb8 21. Qd2 a5 22. Qc3 Bh6 23. dxc6 Bxc6 24. Nd5 Bxd5 25. cxd5 {½-½ Brikov,I (2403)-Shkurkin,A (2223) Tula Rjazanov Memorial 2016 (6)}) 19... Bg7 20. Ng3 a5 21. Nd2 Ba6 22. Qf3 Nfd7 23. h4 cxd5 24. cxd5 Rab8 (24... h6 $5 25. Be3 $8 h5 $11) 25. Qa3 a4 26. h5 (26. Bxa4 $2 Qa5 $19) 26... Qa5 27. Rec1 Rec8 28. Nf3 Nb6 {[%emt 0:01:50][%cal Bd7b6,Bb6c4,Bc4b2][%mdl 32] [#] Hoping for ...Nc4.} 29. Qb4 Qxb4 30. Rxb4 Nc4 31. Rcb1 Rxb4 32. Rxb4 a3 33. Nd2 Nb2 34. Rb6 Bf8 35. Nb1 Nc4 36. Rb4 Ra8 37. Nf1 Nb2 38. Nfd2 (38. Nxa3 Bxf1 39. Kxf1 Nbd3 40. Bxd3 Nxd3 $15) 38... Nbd3 $36 {[%emt 0:01:18][%mdl 2048] Black has the initiative.} 39. Rb6 f5 40. hxg6 (40. f3 {is interesting.} Ne1 41. Bd1 Bd3 42. Be3) 40... hxg6 41. exf5 gxf5 42. Nxa3 e4 43. Nab1 Nd7 44. Rb3 Nc1 {[%emt 0:02:36][%mdl 1024] Black has compensation.} (44... Rc8 $5 45. Rc3 N7c5 $15) 45. Ra3 Ne2+ 46. Kh1 Ne5 47. Bd1 Rc8 48. Nxe4 $16 (48. Rxa6 $2 {too greedy.} Rc1 49. Nf1 Rxd1 $19) 48... Bd3 (48... Bc4 $16 {keeps fighting.}) 49. Nec3 $2 (49. Nf6+ $18 {has better winning chances.} Kg7 50. Rxd3 {[%mdl 64] Remove Defender} Nxd3 51. Bxe2 Nxf2+ 52. Kg1) 49... Nd4 50. Ra4 Nb5 51. Nxb5 Bxb5 52. Rb4 ({Better is} 52. Ra3 $16) 52... Bd3 (52... Nd3 $14 53. Rxb5 Nxf2+ 54. Kh2 Nxd1) 53. f3 Kf7 54. Kg1 ({White should try} 54. Na3 $16) 54... Kg6 $11 55. Bf4 Bh6 {[%emt 0:01:08] And now ...Bxf4 would win.} 56. Bxh6 Kxh6 57. Rb3 $2 (57. f4 $1 $11 Rc1 58. fxe5 (58. Nc3 $2 Nc4 $19) 58... Rxd1+ 59. Kf2 Bxb1 60. Ke2 Rxd5 61. Rxb1) 57... Rc1 $1 $19 58. Nc3 {[%emt 0:00:09] [#]} Bc2 $1 59. Rb6 Nc4 60. Rc6 Bxd1 (60... Rxd1+ $2 61. Nxd1 Bxd1 62. Rxc4 $18) 61. Nxd1 Rxd1+ {[%emt 0:00:10][%mdl 4096] Endgame KRN-KR} 62. Kh2 $2 (62. Kf2 Rd4 63. a4) 62... Rd4 63. a4 Kg5 {[%emt 0:01:12] ...Kf4 is the strong threat.} 64. a5 Nxa5 (64... Kf4 $142 {Threatens to win with ...Ne3.} 65. a6 Ne3 66. Rxd6 Nf1+ 67. Kh3 (67. Kg1 {is a self mate.} Ng3 68. Re6 Rd1+) 67... Kg5 68. f4+ Rxf4 69. Rg6+ Kxg6 70. d6 Kg5 71. g4 Rxg4 72. d7 Rg3#) 65. Rxd6 Nc4 66. Rd8 Ne3 67. d6 (67. Kg3 {was worth a try.}) 67... Nf1+ $2 (67... Kf4 $19 {White must now prevent ...Rd2.} 68. Rb8 Rxd6 69. Rb4+ Kg5) 68. Kg1 $15 {[%emt 0:00:22][%cal Od6d7] Strongly threatening d7!} Ng3 $1 69. Kf2 (69. Kh2 $1 $15 f4 70. Kh3) 69... Kf4 70. Ke1 {[%emt 0:00:17] Prevents Rd1+} Rd5 71. d7 $2 (71. Rd7) 71... Rd3 $19 {[%emt 0:00:27] Black is clearly winning.} 72. Ra8 Rxd7 73. Ra4+ Ke3 {[%emt 0:01:28] ( -> ...Rd3)} 74. Ra3+ Rd3 75. Ra8 Rb3 {[%emt 0:00:21] What a bad dream for White.   Weighted Error Value: White=0.20 (precise) /Black=0.15 (very precise)} 0-1